 Dungeon Crawl Stone Soup version 0.20.1-1-g8b1a95d (console) character file.

140 hilaritas the Cudgeler (level 5, -1/48 HPs)
             Began as a Gargoyle Fighter on Nov 5, 2017.
             Killed from afar by Folque's ghost (5 damage)
             ... with a magic dart
             ... on level 4 of the Dungeon.
             The game lasted 00:07:46 (2743 turns).

hilaritas the Cudgeler (Gargoyle Fighter)           Turns: 2743, Time: 00:07:46

Health: -1/48      AC: 12    Str: 26    XL:     5   Next: 22%
Magic:  5/5        EV:  7    Int:  8    God:
Gold:   89         SH: 11    Dex:  9    Spells: 4/4 levels left

rFire    . . .     SeeInvis .   j - +1 whip (vamp)
rCold    . . .     Gourm    .   c - +1 shield
rNeg     + + .     Faith    .   b - +0 scale mail
rPois    ∞         Spirit   .   n - +0 helmet
rElec    +         Reflect  .   (no cloak)
rCorr    .         Harm     .   (no gloves)
MR       .....                  (no boots)
Stlth    ..........             i - amulet of rage
Regen    0.2/turn               p - ring of positive energy
MPRegen  0.1/turn               (no ring)

@: berserking, very quick
A: negative energy resistance 1, electricity resistance, unbreathing,
petrification resistance, rot immunity, AC +4
a: Evoke Berserk Rage


You were on level 4 of the Dungeon.
You were not hungry.

You visited 1 branch of the dungeon, and saw 4 of its levels.

You collected 89 gold pieces.

Inventory:

Hand Weapons
 a - a +0 flail
 j - a +1 vampiric whip (weapon)
Armour
 b - a +0 scale mail (worn)
 c - a +1 shield (worn)
 n - a +0 helmet (worn)
Jewellery
 i - an amulet of rage (around neck)
 l - an uncursed amulet of magic regeneration
 p - a ring of positive energy (left hand)
 u - an uncursed ring of positive energy
Scrolls
 e - a scroll of enchant armour
 o - 2 scrolls of identify
Comestibles
 f - 3 bread rations
 g - 2 fruits
 m - 2 royal jellies
 r - 2 meat rations


   Skills:
 - Level 3.2 Fighting
 * Level 4.5 Maces & Flails
 - Level 3.2 Armour
 + Level 4.3 Shields


You had 4 spell levels left.
You didn't know any spells.

Dungeon Overview and Level Annotations

Branches:
Dungeon (4/15)
 Temple: D:4-7

Altars:
Ashenzari
Fedhas
Gozag
Kikubaaqudgha

Annotations:
D:4 Folque's ghost, novice OpWz


Innate Abilities, Weirdness & Mutations

You are resistant to torment.
Your stone body is resilient. (AC +4)
You are immune to poison.
You resist negative energy. (rN+)
You are resistant to electric shocks. (rElec)
You can survive without breathing.
You are immune to petrification.
You are immune to rotting.


Message History

Folque's ghost casts a spell at you.
The ball explodes into a vile cloud!
The stinking cloud engulfs you!
The stinking cloud engulfs Folque's ghost.
Folque's ghost appears unharmed.
The stinking cloud engulfs the white imp.
The white imp appears unharmed.
You whack Folque's ghost!
Folque's ghost is severely damaged.
The white imp barely misses you.
You closely miss Folque's ghost.
Folque's ghost is severely damaged.
Folque's ghost hits you but does no damage.
You block the white imp's attack.
You whack Folque's ghost!
Folque's ghost is almost destroyed.
You miss Folque's ghost.
Folque's ghost is almost destroyed.
Folque's ghost stares at you and mumbles some strange words.
The magic dart hits you!
You die...

.##### ....
......##...# #
.5...#..(.##.#
....#.#..#..#
#..#.#..#..#
..........#
#.#......#
#5.......#
#5#......#########
#W##...........#.#
#@##.....######.##
#5#..##..# ##.#..
#.#..##..# ##.##..
#.#..###.###.#...#
#.#..# #.##.##....
#.#..# #.#.#...##.
#.#..# ..###.#####
#....# ..# ### #
#....#


You could see Folque's ghost, a crimson imp, a white imp and a shadow imp.

Vanquished Creatures
  7 adders
  4 worms
  2 dart slugs (D:1)
  A ball python (D:2)
  7 bats
  6 giant cockroaches
  8 hobgoblins
  5 jackals
  7 kobolds
  8 frilled lizards
  3 goblins
  6 rats
64 creatures vanquished.

Notes
Turn   | Place    | Note
-------+----------+-------------------------------------------
     0 | D:1      | hilaritas the Gargoyle Fighter began the quest for the Orb.
     0 | D:1      | Reached XP level 1. HP: 14/14 MP: 1/1
   179 | D:1      | Reached XP level 2. HP: 19/19 MP: 2/2
   592 | D:1      | Reached XP level 3. HP: 15/23 MP: 3/3
  1148 | D:2      | Found an opulent altar of Gozag.
  1201 | D:2      | Found an ancient bone altar of Kikubaaqudgha.
  1201 | D:2      | Found a blossoming altar of Fedhas.
  1448 | D:2      | Reached XP level 4. HP: 28/28 MP: 4/4
  1507 | D:2      | Found a shattered altar of Ashenzari.
  2179 | D:3      | Reached XP level 5. HP: 32/32 MP: 5/5
  2390 | D:3      | Found a faded altar of an unknown god.
  2702 | D:4      | Noticed Folque's ghost (novice OpWz)
  2743 | D:4      | Killed from afar by Folque's ghost

Skill      XL: |  1  2  3  4 |
---------------+-------------+-----
Maces & Flails | 3 4 |  4.5
Shields        | 4 |  4.3
Fighting       | |  3.2
Armour         | |  3.2

Action                   |  1- 3 |  4- 6 || total
-------------------------+-------+-------++-------
Melee: Flail             |    86 |       ||    86
       Whip              |    84 |   142 ||   226
  Use: Scroll            |       |     6 ||     6
       Potion            |       |     6 ||     6
  Eat: Chunk             |     2 |     4 ||     6
       Bread ration      |     1 |       ||     1
Armor: Scale mail        |    84 |    46 ||   130
Dodge: Dodged            |    48 |    26 ||    74
Block: Shield            |    82 |    64 ||   146
